 Dungeon Crawl Stone Soup version 0.29.1-2-gbd0b4ee654 (webtiles) character file.

Game seed: 17377760649045774585

79 GorkyZ the Cudgeller (level 4, 0/27 HPs)
             Began as a Gargoyle Gladiator on Dec 1, 2022.
             Slain by an orc
             ... wielding a +0 trident
              (2 damage)
             ... on level 3 of the Dungeon.
             The game lasted 00:03:32 (2290 turns).

GorkyZ the Cudgeller (Gargoyle Gladiator)           Turns: 2290, Time: 00:03:33

Health: 0/27       AC: 12    Str: 19    XL:     4   Next: 37%
Magic:  4/4        EV:  8    Int:  9    God:
Gold:   104        SH:  0    Dex: 11    Spells: 3/3 levels left

rFire   . . .      SeeInvis .   j - +1 dagger (venom)
rCold   . . .      Faith    .   (no shield)
rNeg    + . .      Spirit   .   m - +0 chain mail
rPois   ∞          Reflect  .   c - +0 helmet
rElec   +          Harm     .   (no cloak)
rCorr   .          Rampage  .   (no gloves)
Will    .....                   (no boots)
Stlth   ..........              (no amulet)
HPRegen 0.09/turn               (no ring)
MPRegen 0.09/turn               (no ring)

@: confused
A: sickness immunity, AC +3, negative energy resistance 1, electricity
resistance, torment resistance 1, petrification resistance
a: no special abilities


You were on level 3 of the Dungeon.
You visited 1 branch of the dungeon, and saw 3 of its levels.

You collected 104 gold pieces.

Inventory:

Hand Weapons
 a - a +0 flail
 j - a +1 dagger of venom (weapon)
 l - a +0 hand axe
Missiles
 d - 3 throwing nets (quivered)
 e - 7 javelins
 h - 3 curare-tipped darts
Armour
 b - a +0 leather armour
 c - a +0 helmet (worn)
 m - a +0 chain mail (worn)
Scrolls
 f - a scroll of summoning {unknown}
 g - 2 scrolls of acquirement {unknown}
 k - 2 scrolls of teleportation {unknown}
 o - a scroll of vulnerability {unknown}
 q - a scroll of enchant weapon {unknown}
 r - a scroll of fear {unknown}
Potions
 i - a potion of haste {unknown}
 n - 2 potions of attraction {unknown}
 p - a potion of heal wounds {unknown}


   Skills:
 + Level 2.9 Fighting
 * Level 3.9 Maces & Flails
 + Level 2.4 Throwing
 + Level 2.8 Dodging


You had 3 spell levels left.
You didn't know any spells.
Your spell library contained the following spells:

 Spells                   Type           Power      Damage    Failure   Level
 Apportation              Tloc           0%         N/A       99%         1
 Necrotise                Necr           0%         1d4       99%         1
 Summon Small Mammal      Summ           0%         N/A       99%         1
 Blink                    Tloc           0%         N/A       100%        2
 Gell's Gravitas          Tloc           0%         N/A       100%        3
 Lesser Beckoning         Tloc           0%         N/A       100%        3
 Teleport Other           Tloc           0%         N/A       100%        3
 Petrify                  Tmut/Erth      0%         N/A       100%        4
 Irradiate                Conj/Tmut      0%         3d11      100%        5
 Manifold Assault         Tloc           0%         N/A       100%        5
 Storm Form               Tmut/Air       0%         N/A       100%        7
 Sublimation of Blood     Necr           Unusable   N/A       N/A         2

Dungeon Overview and Level Annotations

Branches:
Dungeon (3/15)

Altars:

Shops:
D:1 (


Innate Abilities, Weirdness & Mutations

You are immune to sickness and miasma.
Your stone body is resilient. (AC +3)
You are immune to poison.
You resist negative energy. (rN+)
You are resistant to electric shocks. (rElec)
You are resistant to unholy torment.
You are immune to petrification.


Message History

The orc priest casts a cantrip, but nothing happens.
The orc hits you from afar with a +0 trident.
You closely miss the orc priest.
The orc priest is heavily wounded.
The orc priest hits you but does no damage.
The orc barely misses you.
You hit the orc priest but do no damage.
The orc priest looks as sick as possible!
The orc priest is heavily wounded.
The orc priest hits you but does no damage.
The orc hits you from afar with a +0 trident.
You hit the orc priest.
You kill the orc priest!
The orc closely misses you.
A magic dart appears from out of thin air!
The magic dart hits you but does no damage.
You have reached level 4!
You feel clever. Something hits you but does no damage.
The orc hits you with a +0 trident.
Things that are here:
a +0 dagger; an orc corpse You hit something.
Something hits you. The orc hits you but does no damage.
You closely miss something. The orc hits you with a +0 trident.
* * * LOW HITPOINT WARNING * * *
Something hits you but does no damage.
You miss something. Something hits you.
* * * LOW HITPOINT WARNING * * *
The orc closely misses you. The orc attacks as you move away!
The orc closely misses you. The orc barely misses you.
You miss something. Your punch misses something.
Something hits you but does no damage. The orc hits you but does no damage.
You miss something.
You hear some strange, mumbled words.
You are confused.
The orc closely misses you.
You're too confused to move!
Something hits you.
* * * LOW HITPOINT WARNING * * *
The orc hits you from afar with a +0 trident.
You die...

#.. #.#
#..####.###
##.........#
.......###.#
##### ##....#
#.##....
###..###.#....
#...<...#..#
###......##o.#
..........@)go#
...........###.#
#####.....## #
###.#.# #.#?#
#.#.# #.#.# #.#
#..


You could see 2 orcs and a goblin.

Vanquished Creatures
  An orc priest (D:3)
  A worm (D:2)
  A dart slug (D:1)
  4 orcs (D:3)
  5 endoplasms
  6 giant cockroaches
  4 goblins
  5 hobgoblins
  3 kobolds
  A quokka (D:1)
  A ball python (D:1)
  A bat (D:2)
  2 frilled lizards (D:1)
  2 rats
37 creatures vanquished.

Notes
Turn   | Place    | Note
-------+----------+-------------------------------------------
     0 | D:1      | GorkyZ the Gargoyle Gladiator began the quest for the Orb.
     0 | D:1      | Reached XP level 1. HP: 12/12 MP: 1/1
   318 | D:1      | Reached XP level 2. HP: 13/18 MP: 2/2
   721 | D:1      | Found Raeliss's Weapon Boutique.
  1299 | D:2      | Reached XP level 3. HP: 22/22 MP: 3/3
  1871 | D:2      | Found a faded altar of an unknown god.
  2283 | D:3      | Reached XP level 4. HP: 18/27 MP: 4/4
  2290 | D:3      | Slain by an orc

Illustrated notes

Levels and vault maps discovered:
D:1:      amcnicky_arrival_feature_with_door, layout_basic, serial_shops,
          nicolae_shop_bloodbath_and_beyond, minmay_strange_pillars
D:2:      layout_basic, hellmonk_ecumenical_altar_inner_sanctum,
          minmay_misc_feat_cross
D:3:      kennysheep_six_static_rooms, layout_loops_ring

Skill      XL: |  1  2 |
---------------+-------+-----
Throwing       | 2 |  2.4
Fighting       | |  2.9
Maces & Flails | |  3.9
Dodging        | |  2.8

Action                   |  1- 3 |  4- 6 || total
-------------------------+-------+-------++-------
Melee: Flail             |    36 |       ||    36
       Punch             |     1 |       ||     1
       Dagger            |    83 |     5 ||    88
Armor: Leather armour    |    26 |       ||    26
       Chain mail        |    38 |     5 ||    43
Dodge: Dodged            |    48 |     4 ||    52
